 Dungeon Crawl Stone Soup version 0.16.1-11-g651b585 (webtiles) character file.

3022 jacksonaction the Covert (level 9, -7/55 HPs)
             Began as an Octopode Enchanter on Apr 2, 2015.
             Killed by divine providence
             ... invoked by an orc priest
              (13 damage)
             ... on level 8 of the Dungeon.
             The game lasted 01:04:19 (8205 turns).

jacksonaction the Covert (Octopode Enchanter)       Turns: 8205, Time: 01:04:19

Health: -7/55      AC:  1    Str:  7    XL:     9   Next: 85%
Magic:  21/21      EV: 15    Int: 17    God:
Gold:   462        SH:  0    Dex: 16    Spells: 2 memorised, 15 levels left

rFire  . . .     SeeInvis .     b - +2 dagger (venom)
rCold  . . .     Clarity  .     (no shield)
rNeg   . . .     SustAb   .     (helmet restricted)
rPois  .         Gourm    .     (no amulet)
rElec  .         Spirit   .     (no ring)
rCorr  .         Warding  .     (no ring)
rMut   .         Stasis   .     (no ring)
MR     .....                    (no ring)
Stlth  ++++++....               (no ring)
                                (no ring)
                                (no ring)
                                (no ring)

@: not resistant to hostile enchantments, very stealthy
A: almost no armour, amphibious, 8 rings, constrict 8, camouflage 1, gelatinous
body 1
a: no special abilities


You were on level 8 of the Dungeon.
You were not hungry.

You visited 2 branches of the dungeon, and saw 9 of its levels.
You also visited: Sewer and Ossuary.

You collected 462 gold pieces.

Inventory:

Hand weapons
 b - a +2 dagger of venom (weapon)
 B - a +1 dagger of speed
 L - a +2 short sword of venom
Missiles
 j - 24 stones
 o - a javelin (quivered)
 E - 12 curare-tipped needles
 G - 4 tomahawks
Jewellery
 l - an uncursed ring of see invisible {unknown}
 q - an uncursed ring of positive energy {unknown}
 v - an uncursed ring of ice {unknown}
 N - a cursed amulet of inaccuracy {unknown}
Magical devices
 u - a wand of enslavement (8)
 H - a wand of digging (4)
Scrolls
 e - 2 scrolls of enchant armour {unknown}
 g - 9 scrolls of identify {unknown}
 k - 3 scrolls of random uselessness {unknown}
 p - 3 scrolls of magic mapping {unknown}
 r - a scroll of blinking {unknown}
 s - 2 scrolls of noise {unknown}
 x - 2 scrolls of immolation {unknown}
 y - 6 scrolls of teleportation {unknown}
 D - a scroll of enchant weapon {unknown}
 F - a scroll of remove curse {unknown}
 I - 2 scrolls of fog {unknown}
 M - a scroll of recharging {unknown}
Potions
 a - a potion of ambrosia {unknown}
 f - 4 potions of curing {unknown}
 h - a potion of might {unknown}
 i - 2 potions of flight {unknown}
 m - 2 potions of mutation {unknown}
 n - 3 potions of agility {unknown}
 w - a potion of cure mutation {unknown}
 z - 4 potions of heal wounds {unknown}
 A - a potion of lignification {unknown}
 C - 3 potions of haste {unknown}
 J - 2 potions of magic {unknown}
 K - 5 potions of brilliance {unknown}
 O - a potion of degeneration {unknown}
Books
 c - a book of Maledictions

   Spells                             Type                      Level
   a - Corona                         Hexes                        1
   b - Sure Blade                     Hexes/Charms                 2
   c - Ensorcelled Hibernation        Hexes/Ice                    2
   d - Confuse                        Hexes                        3
   e - Dazzling Spray                 Conjuration/Hexes            3
   f - Enslavement                    Hexes                        4
Comestibles
 d - 8 bread rations
 t - 6 meat rations
 P - 6 chunks of flesh


   Skills:
 * Level 2.8 Fighting
 - Level 7.1 Short Blades
 + Level 4.8 Dodging
 - Level 9.0 Stealth
 - Level 5.1 Spellcasting
 - Level 7.0 Hexes


You had 15 spell levels left.
You knew the following spells:

 Your Spells              Type           Power        Failure   Level  Hunger
a - Corona                Hex            ####...      1%          1    None
b - Ensorcelled Hibernat  Hex/Ice        ###...       6%          2    #......


Dungeon Overview and Level Annotations

Branches:
Dungeon (8/15)             Temple (1/1) D:5
   Lair: D:8-11

Altars:
Cheibriados
Dithmenos
Elyvilon
Fedhas
Gozag
Kikubaaqudgha
Makhleb
Nemelex Xobeh
Okawaru
Qazlal
Ru
Sif Muna
Trog
Vehumet
Xom
Yredelemnul
Zin
The Shining One

Annotations:
D:4 tition's ghost, experienced TrFi


Innate Abilities, Weirdness & Mutations

You cannot wear most types of armour.
You are amphibious.
You can wear up to eight rings at the same time.
You can use your tentacles to constrict many enemies at once.
Your skin changes colour to match your surroundings (Stealth).
Your rubbery body absorbs attacks (AC +1).


Message History

The hobgoblin is moderately wounded.
You closely miss the hobgoblin. You grab the hobgoblin.
You squeeze the hobgoblin.
The hobgoblin is almost dead.
You constrict the hobgoblin, but do no damage.
The hobgoblin completely misses you.
You hit the hobgoblin but do no damage.
The hobgoblin looks even sicker.
The hobgoblin is almost dead.
You constrict the hobgoblin.
You kill the hobgoblin!
Casting: Ensorcelled Hibernation
Confirm with . or Enter, or press ? or * to list all spells.
Aiming: Ensorcelled Hibernation
Press: ? - help, Shift-Dir - straight line, f - orc
Aim: an orc, wielding a flail and wearing a ring mail (chance 64%)
The orc looks drowsy...
Some of the chunks of flesh in your inventory have rotted away.
The orc priest mumbles some strange prayers to Beogh against you.
Something smites you!
You die...

............## . .....##......#
.♣# .............## .P♣#
..............### ♣..#
............#...#♣♣####..♣#
.....##.....###......o....# ..
....................##....##....
..................o..)#.....#
.......)........@.....#g....#
......................#(....#
......................#(.oo.#
......................#.)o..#
......................#.....#
...†..................#.....#
....÷.................#####.#
.....)................# ..#
....................### .


You could see an orc priest and an orc.

Vanquished Creatures
  A hill giant (D:5)
  A deep elf mage (D:7)
  An ice beast (D:5)
  2 orc warriors (D:6)
  A black bear (D:8)
  4 ogres
  A sky beast (D:8)
  Sigmund (D:2)
  2 big kobolds (Sewer)
  3 centaurs
  5 giant frogs
  A scorpion (D:4)
  4 crimson imps
  2 jellies
  3 worker ants
  4 hounds
  5 orc wizards
  Natasha (D:4)
  An iguana (D:7)
  A hound skeleton (D:8)
  Robin (D:2)
  9 adders
  5 river rats
  4 worms
  An adder skeleton (D:5)
  5 giant geckos
  3 oozes (Sewer)
  30 orcs
  4 ball pythons
  15 bats
  17 goblins
  14 hobgoblins
  7 jackals
  19 kobolds
  2 quokkas
  8 giant cockroaches
  2 giant gecko skeletons
  6 giant newts
  A jackal skeleton (D:7)
  15 rats
212 creatures vanquished.

Notes
Turn   | Place    | Note
--------------------------------------------------------------
     0 | D:1      | jacksonaction, the Octopode Enchanter, began the quest for the Orb.
     0 | D:1      | Reached XP level 1. HP: 11/11 MP: 3/3
   450 | D:1      | Reached XP level 2. HP: 12/17 MP: 1/4
   575 | D:1      | Learned a level 2 spell: Ensorcelled Hibernation
  1256 | D:2      | Reached XP level 3. HP: 21/21 MP: 6/6
  1395 | D:2      | Reached skill level 5 in Stealth
  1525 | D:2      | Noticed Sigmund
  1534 | D:2      | Reached XP level 4. HP: 27/27 MP: 2/7
  1613 | D:2      | Noticed Robin
  1622 | D:2      | Killed Robin
  1728 | D:2      | Killed Sigmund
  1728 | D:2      | Reached skill level 6 in Stealth
  1728 | D:2      | Reached XP level 5. HP: 31/31 MP: 9/9
  2005 | D:3      | Reached skill level 7 in Stealth
  3055 | D:4      | Noticed an ogre
  3097 | D:4      | Reached XP level 6. HP: 34/36 MP: 8/10
  3098 | D:4      | Found a sand-covered staircase.
  3120 | Ossuary  | Entered an ossuary
  3217 | D:4      | Noticed an ogre
  3231 | D:4      | Killed an ogre
  3497 | D:4      | Killed an ogre
  3497 | D:4      | Reached XP level 7. HP: 41/41 MP: 2/12
  3700 | D:4      | Reached skill level 5 in Hexes
  3863 | D:4      | Noticed Natasha
  3867 | D:4      | Noticed tition's ghost (experienced TrFi)
  3894 | D:4      | Killed Natasha
  4245 | D:5      | Entered Level 5 of the Dungeon
  4299 | D:5      | Found a shadowy altar of Dithmenos.
  4305 | D:5      | Found a bloodstained altar of Trog.
  4336 | D:5      | Reached skill level 5 in Short Blades
  4532 | D:5      | Reached XP level 8. HP: 10/46 MP: 8/13
  5108 | D:5      | Found a blossoming altar of Fedhas.
  5141 | D:5      | Noticed a hill giant
  5197 | D:5      | Killed a hill giant
  5291 | D:5      | Found a staircase to the Ecumenical Temple.
  5299 | Temple   | Entered the Ecumenical Temple
  6131 | D:6      | Reached skill level 8 in Stealth
  6131 | D:6      | Reached XP level 9. HP: 38/51 MP: 16/16
  6219 | D:6      | Found a glowing drain.
  6224 | Sewer    | Entered a sewer
  6468 | Sewer    | Reached skill level 9 in Stealth
  6854 | D:6      | Found a deep blue altar of Sif Muna.
  7411 | D:7      | Reached skill level 1 in Fighting
  7987 | D:8      | Found a basalt altar of Yredelemnul.
  7988 | D:8      | Found an opulent altar of Gozag.
  7989 | D:8      | Found a glowing golden altar of the Shining One.
  7991 | D:8      | Found a stormy altar of Qazlal.
  7992 | D:8      | Found a shimmering altar of Xom.
  7997 | D:8      | Found a sacrificial altar of Ru.
  8060 | D:8      | Reached skill level 5 in Spellcasting
  8183 | D:8      | HP: 2/55 [kobold/dagger (4)]
  8205 | D:8      | Killed from afar by an orc priest

Action                   |  1- 3 |  4- 6 |  7- 9 || total
-------------------------+-------+-------+-------++-------
Melee: Dagger            |    52 |    71 |   276 ||   399
Throw: Javelin           |       |    17 |    25 ||    42
       Stone             |       |       |     7 ||     7
 Cast: Corona            |     3 |       |       ||     3
       Ensorcelled Hiber |    12 |    13 |    46 ||    71
Evoke: Wand              |       |     1 |     1 ||     2
 Stab: Sleeping          |    18 |    15 |    52 ||    85
       Distracted        |       |     1 |     2 ||     3
  Eat: Chunk             |     3 |     7 |    16 ||    26
       Pizza             |       |       |     1 ||     1
